 Dungeon Crawl Stone Soup version 0.21.0-3-g78d12a8 (webtiles) character file.

817 Gaball the Basher (level 7, -2/71 HPs)
             Began as an Ogre Chaos Knight on Jan 11, 2018.
             Slain by a warg (shapeshifter) (3 damage)
             ... on level 5 of the Dungeon.
             The game lasted 00:11:19 (4443 turns).

Gaball the Basher (Ogre Chaos Knight)               Turns: 4443, Time: 00:11:20

Health: -2/71      AC:  5    Str: 19 (22) XL:     7   Next: 94%
Magic:  7/7        EV: 10    Int: 12 (13) God:    Xom [*.....]
Gold:   359        SH:  0    Dex: 12      Spells: 6/6 levels left

rFire    . . .     SeeInvis .   a - +0 mace (chaos)
rCold    . . .     Gourm    .   (no shield)
rNeg     . . .     Faith    .   b - +2 robe
rPois    .         Spirit   .   (helmet restricted)
rElec    .         Reflect  .   e - scarf {repulsion}
rCorr    .         Harm     .   (gloves unavailable)
MR       .....     Rnd*Tele +   (boots unavailable)
Stlth    +.........             m - amulet of rage
HPRegen  0.21/turn              j - ring of wizardry
MPRegen  0.10/turn              l - ring of teleportation (curse)

@: mighty, repel missiles
A: large, unfitting armour, agile 1, tough skin 1
a: Renounce Religion, Evoke Berserk Rage


You were on level 5 of the Dungeon.
You worshipped Xom.
You were a special plaything of Xom.
You were very hungry.

You visited 1 branch of the dungeon, and saw 5 of its levels.
You also visited: Sewer.

You collected 359 gold pieces.

Inventory:

Hand Weapons
 a - a +0 mace of chaos (weapon)
Missiles
 q - 5 large rocks (quivered)
Armour
 b - a +2 robe (worn)
 e - a scarf of repulsion (worn)
 o - a +0 ring mail
 w - a scarf of resistance
Jewellery
 j - a ring of wizardry (left hand)
 l - a cursed ring of teleportation (right hand)
 m - an amulet of rage (around neck)
 p - an uncursed ring of stealth {unknown}
Wands
 s - a wand of polymorph (12)
Scrolls
 g - 4 scrolls of remove curse {unknown}
 h - a scroll of enchant armour
 i - a scroll of fog {unknown}
 n - a scroll of teleportation {unknown}
 r - 4 scrolls of identify {unknown}
 t - 2 scrolls of blinking {unknown}
 v - a scroll of fear {unknown}
 y - a scroll of random uselessness {unknown}
 C - 3 scrolls of amnesia {unknown}
Potions
 d - 3 potions of curing
 f - a potion of flight
 k - 2 potions of degeneration
 z - a potion of mutation {unknown}
 B - a potion of brilliance {unknown}
Books
 u - a book of Minor Magic

   Spells                             Type                      Level
   a - Magic Dart                     Conjuration                  1
   b - Blink                          Translocation                2
   c - Call Imp                       Summoning                    2
   d - Slow                           Hexes                        2
   e - Conjure Flame                  Conjuration/Fire             3
   f - Mephitic Cloud                 Conjuration/Poison/Air       3
 A - a book of Misfortune

   Spells                             Type                      Level
   a - Confusing Touch                Hexes                        1
   b - Confuse                        Hexes                        3
   c - Gell's Gravitas                Translocation                3
   d - Petrify                        Transmutation/Earth          4
   e - Metabolic Englaciation         Hexes/Ice                    5
   f - Yara's Violent Unravelling     Hexes/Transmutation          5
Comestibles
 c - 14 rations


   Skills:
 + Level 4.3 Fighting
 + Level 8.3 Maces & Flails
 - Level 2.1 Dodging


You had 6 spell levels left.
You didn't know any spells.

Dungeon Overview and Level Annotations

Branches:
Dungeon (5/15)
 Temple: D:4-7

Altars:
Hepliaklqana
Nemelex Xobeh
Trog

Annotations:
D:2 1 exclusion


Innate Abilities, Weirdness & Mutations

You are too large for most types of armour.
You have tough skin. (AC +1)
You are agile. (Dex +2)


Message History

An orc wizard appears from thin air!
The warg bites you.
* * * LOW HITPOINT WARNING * * *
The warg bites you!
* * * LOW HITPOINT WARNING * * *
Okay, then.
You sock the warg!
The warg seems to slow down.
The warg is severely wounded.
The crimson imp grins evilly.
The crimson imp hits you but does no damage.
The warg bites you but does no damage.
You barely miss the warg.
The warg is severely wounded.
The warg bites you.
* * * LOW HITPOINT WARNING * * *
The crimson imp barely misses you.
You hit the warg but do no damage.
The warg is poisoned.
The warg is severely wounded.
The warg bites you.
You die...
Xom roars with laughter!

. ....# ## ... ...# ..
... ...# .### #.# #..
... #.## #.###.# ...#
##.##..# .
...####?..o.## ...
.....?.†.....######.....
.[.####...##.ooh@5......
#### #...##############
# ##### #


You could see a warg shaped shifter, an orc wizard, a crimson imp and an orc.

Vanquished Creatures
  Sigmund (D:2)
  2 bullfrogs (Sewer)
  A bullfrog zombie (D:5)
  A hound (D:4)
  An orc priest (D:4)
  A jelly (shapeshifter) (D:2)
  Jessica (D:2)
  4 orc wizards (D:4)
  A worker ant (D:4)
  2 hound skeletons (D:4)
  A howler monkey skeleton (D:5)
  4 river rats (D:3)
  6 adders
  A shadow imp (D:5)
  A white imp (D:3)
  An ooze (D:1)
  An adder skeleton (D:4)
  4 worms
  4 dart slugs
  5 leopard geckos
  6 orcs
  3 ball pythons
  7 bats
  13 giant cockroaches
  8 goblins
  4 hobgoblins
  4 jackals
  5 kobolds
  3 quokkas
  A ball python skeleton (D:2)
  3 frilled lizards
  A leopard gecko skeleton (D:4)
  A rat (shapeshifter) (D:1)
  11 rats
113 creatures vanquished.

Vanquished Creatures (collateral kills)
  2 orcs (D:4)
2 creatures vanquished.

Grand Total: 115 creatures vanquished

Notes
Turn   | Place    | Note
-------+----------+-------------------------------------------
     0 | D:1      | Gaball the Ogre Chaos Knight began the quest for the Orb.
     0 | D:1      | Reached XP level 1. HP: 24/24 MP: 1/1
    28 | D:1      | Reached skill level 3 in Maces & Flails
   111 | D:1      | Reached XP level 2. HP: 22/32 MP: 2/2
   205 | D:1      | XOM: silly message
   292 | D:1      | XOM: harmless Hex miscast
   315 | D:1      | XOM: noise
   577 | D:1      | Reached XP level 3. HP: 39/39 MP: 3/3
   794 | D:2      | XOM: polymorph bat -> gnoll
   798 | D:2      | Noticed a porcupine
   798 | D:2      | an iguana changed into a porcupine
   799 | D:2      | Noticed a boggart
   799 | D:2      | a porcupine changed into a boggart
   802 | D:2      | Noticed a porcupine
   802 | D:2      | a boggart changed into a porcupine
   803 | D:2      | a porcupine changed into a jelly
   805 | D:2      | Reached skill level 4 in Maces & Flails
   805 | D:2      | Reached XP level 4. HP: 27/48 MP: 4/4
   927 | D:2      | XOM: medium Summ miscast
   928 | D:2      | Noticed a small abomination
   928 | D:2      | Noticed a small abomination
  1066 | D:2      | XOM: smoke on damage
  1097 | D:2      | Found a bloodstained altar of Trog.
  1417 | D:2      | Noticed Sigmund
  1459 | D:2      | Noticed Jessica
  1459 | D:2      | XOM: swap monsters
  1467 | D:2      | Killed Jessica
  1745 | D:3      | XOM: divination: detect items
  1838 | D:3      | Found a hazy altar of Hepliaklqana.
  1838 | D:3      | XOM: god gift: 56 gold pieces
  1884 | D:3      | XOM: harmless Fire miscast
  1906 | D:3      | Reached skill level 5 in Maces & Flails
  1906 | D:3      | Reached XP level 5. HP: 43/54 MP: 5/5
  1910 | D:3      | Found a glowing drain.
  1996 | Sewer    | XOM: stealth player
  1996 | Sewer    | Entered a sewer
  2272 | Sewer    | XOM: summons 2 hostile demons
  2276 | Sewer    | XOM: blink monster(s)
  2278 | Sewer    | Reached skill level 6 in Maces & Flails
  2278 | Sewer    | Reached XP level 6. HP: 42/62 MP: 6/6
  2341 | Sewer    | XOM: mild Pois miscast
  2352 | Sewer    | XOM: summons friendly shadow imp
  2607 | D:3      | Found a sparkling altar of Nemelex Xobeh.
  2819 | D:3      | Noticed Grinder
  2898 | D:2      | Killed Sigmund
  2898 | D:2      | Reached skill level 7 in Maces & Flails
  2898 | D:2      | Reached XP level 7. HP: 57/70 MP: 7/7
  3117 | D:3      | Noticed Grinder
  3117 | D:3      | Grinder changed into Grinder the white imp
  3126 | D:3      | Killed Grinder the white imp
  3406 | D:4      | XOM: give mutation
  3406 | D:4      | Gained mutation: You are agile. (Dex +2) [Xom's grace]
  3559 | D:4      | XOM: divination: detect items
  3573 | D:4      | XOM: god gift: ration
  3592 | D:4      | XOM: summons 3 friendly demons
  3631 | D:4      | Reached skill level 8 in Maces & Flails
  4367 | D:5      | Entered Level 5 of the Dungeon
  4412 | D:5      | XOM: blink monster(s)
  4420 | D:5      | XOM: polymorph ooze -> worm
  4437 | D:5      | Noticed a warg
  4437 | D:5      | a wolf changed into a warg
  4442 | D:5      | HP: 1/71 [warg (shapeshifter) (4)]
  4443 | D:5      | Slain by a warg (shapeshifter)

Skill      XL: |  1  2  3  4  5  6  7 |
---------------+----------------------+-----
Maces & Flails | 3 4 5 6 7 8 |  8.3
Fighting       | |  4.3
Dodging        | |  2.1

Action                   |  1- 3 |  4- 6 |  7- 9 || total
-------------------------+-------+-------+-------++-------
Melee: Mace              |    67 |   223 |   134 ||   424
Evoke: Wand              |       |     2 |     1 ||     3
  Use: Potion            |       |       |     8 ||     8
       Scroll            |       |       |     1 ||     1
 Stab: Paralysed         |       |     2 |       ||     2
  Eat: Chunk             |       |     6 |     5 ||    11
Armor: Robe              |    26 |   101 |    60 ||   187
Dodge: Dodged            |    43 |   136 |    50 ||   229
       Deflected         |       |     3 |     4 ||     7
